 Dungeon Crawl Stone Soup version 0.18.1-8-gdd0e5ea (webtiles) character file.

46 Iamburgie the Skirmisher (level 3, -1/24 HPs)
             Began as a Gargoyle Fighter on June 3, 2016.
             Slain by Natasha (4 damage)
             ... on level 2 of the Dungeon.
             The game lasted 00:01:40 (1009 turns).

Iamburgie the Skirmisher (Gargoyle Fighter)         Turns: 1009, Time: 00:01:42

Health: -1/24      AC: 10    Str: 19    XL:     3   Next: 68%
Magic:  3/3        EV:  7    Int:  8    God:
Gold:   86         SH:  9    Dex: 10    Spells: 0 memorised, 2 levels left

rFire  . . .     SeeInvis .     a - +0 war axe
rCold  . . .     Gourm    .     b - +0 scale mail
rNeg   + . .     Faith    .     c - +0 shield
rPois  ∞         Spirit   .     (no helmet)
rElec  +         Dismiss  .     (no cloak)
rCorr  .         Reflect  .     (no gloves)
SustAt .         Harm     .     (no boots)
MR     .....                    (no amulet)
Stlth  ..........               (no ring)
                                (no ring)

@: slowed, very slow, not resistant to hostile enchantments, extremely
unstealthy
A: negative energy resistance 1, electricity resistance, unbreathing,
petrification resistance, rot immunity, AC +3
a: no special abilities


You were on level 2 of the Dungeon.
You were hungry.

You visited 1 branch of the dungeon, and saw 2 of its levels.

You collected 86 gold pieces.

Inventory:

Hand Weapons
 a - a +0 war axe (weapon)
Armour
 b - a +0 scale mail (worn)
 c - a +0 shield (worn)
Jewellery
 i - an uncursed amulet of magic regeneration {unknown}
 p - an uncursed ring of poison resistance {unknown}
Scrolls
 e - a scroll of fear {unknown}
 h - a scroll of teleportation {unknown}
 j - a scroll of amnesia {unknown}
 k - a scroll of magic mapping {unknown}
 l - a scroll of identify {unknown}
 o - a scroll of noise {unknown}
Potions
 d - a potion of might
 g - a potion of lignification {unknown}
 m - a potion of agility {unknown}
Comestibles
 f - 3 bread rations
 n - 2 beef jerkies


   Skills:
 + Level 4.3 Fighting
 + Level 2.6 Axes
 - Level 3.2 Armour
 - Level 3.2 Shields


You had 2 spell levels left.
You didn't know any spells.

Dungeon Overview and Level Annotations

Branches:
Dungeon (2/15)

Altars:
The Shining One

Annotations:
D:2 Natasha


Innate Abilities, Weirdness & Mutations

You are resistant to torment.
Your stone body is resilient (AC +3).
You are immune to poison.
You resist negative energy.
You are resistant to electric shocks.
You can survive without breathing.
You are immune to petrification.
You are immune to rotting.


Message History

Natasha casts a spell.
Natasha mumbles some strange words.
Natasha's fingertips start to glow.
Natasha casts a spell at you. The magic dart hits you!
You block the shadow imp's attack. Natasha barely misses you.
The shadow imp completely misses you.
You hit Natasha.
Natasha is almost dead.
You closely miss the shadow imp. Natasha claws you.
Natasha claws you but does no damage. The shadow imp gestures at you.
You barely resist. Natasha casts a spell at you. The magic dart hits you!
* * * LOW HITPOINT WARNING * * *
The shadow imp laughs crazily.
The shadow imp hits you.
* * * LOW HITPOINT WARNING * * *
Natasha claws you.
You die...

#.............#
#......##...###
......###...# ......#
#...# ......# #...#
......# #...# ......#
#...#
......###...#########...
...[...........5@h5.....
......###...#########...
......# #...# ####.##
##### ..# ####


You could see Natasha and 2 shadow imps.

Vanquished Creatures
  2 adders (D:2)
  2 worms (D:2)
  A giant gecko (D:2)
  3 bats (D:1)
  A giant cockroach (D:1)
  2 goblins
  3 hobgoblins
  A giant newt (D:1)
  6 kobolds
  A rat (D:1)
22 creatures vanquished.

Notes
Turn   | Place    | Note
--------------------------------------------------------------
     0 | D:1      | Iamburgie the Gargoyle Fighter began the quest for the Orb.
     0 | D:1      | Reached XP level 1. HP: 14/14 MP: 1/1
   196 | D:1      | Reached XP level 2. HP: 19/19 MP: 2/2
   465 | D:2      | Reached skill level 4 in Fighting
   485 | D:2      | Reached XP level 3. HP: 13/24 MP: 3/3
   670 | D:2      | Found a glowing golden altar of the Shining One.
   999 | D:2      | Noticed Natasha
  1009 | D:2      | Slain by Natasha

Skill      XL: |  1  2 |
---------------+-------+-----
Axes           | 2 |  2.6
Fighting       | 4 |  4.3
Armour         | |  3.2
Shields        | |  3.2

Action                   || total
-------------------------++-------
Melee: War axe           ||    98
Armor: Scale mail        ||    70
Dodge: Dodged            ||    37
Block: Shield            ||    51
